 Dungeon Sprint DCSS version 0.23.2-1-ga50397a (webtiles) character file.

Game seed: 8457559111452013823

246 Fang the Skirmisher (level 6, -5/44 HPs)
             Began as a Gargoyle Berserker on May 1, 2019.
             Was a Believer of Trog.
             Slain by a slime creature (6 damage)
             ... in the Dungeon (Sprint V: "Ziggurat Sprint").
             The game lasted 00:00:49 (160 turns).

Fang the Skirmisher (Gargoyle Berserker)             Turns: 160, Time: 00:00:49

Health: -5/44      AC: 32    Str: 35    XL:     6   Next: 11%
Magic:  0/6        EV: 10    Int:  7    God:    Trog [**....]
Gold:   0          SH:  0    Dex:  9    Spells: 5/5 levels left

rFire    . . .     SeeInvis .   j - +5 executioner's axe
rCold    . . .     Gourm    .   (shield currently unavailable)
rNeg     + . .     Faith    .   k - +15 Maxwell's patent armour {-Cast -Tele rElec MR+ rCorr}
rPois    ∞         Spirit   .   (no helmet)
rElec    +         Reflect  .   (no cloak)
rCorr    +         Harm     .   (no gloves)
MR       +....     NoTele   +   (no boots) Stlth ..........NoCast +
                                (no amulet)
HPRegen  0.14/turn              D - +6 ring of strength
MPRegen  0.10/turn              E - +6 ring of strength

@: confused
A: negative energy resistance 1, electricity resistance, unbreathing,
petrification resistance, rot immunity, AC +4
a: Berserk, Trog's Hand, Renounce Religion


You were in the Dungeon.
You worshipped Trog.
Trog was pleased with you.
You were not hungry.

You visited 1 branch

Inventory:

Hand Weapons
 j - a +5 executioner's axe (weapon)
 F - a +5 battleaxe
 G - a +5 broad axe
Armour
 k - the +15 Maxwell's patent armour (worn) {-Cast -Tele rElec MR+ rCorr}
   (You found it in the Dungeon)

   It insulates you from electricity.
   It affects your resistance to hostile enchantments.
   It prevents spellcasting.
   It prevents most forms of teleportation.
   It provides partial protection from all sources of acid and corrosion.
Jewellery
 D - a +6 ring of strength (left hand)
 E - a +6 ring of strength (right hand)
Wands
 w - a wand of disintegration (7)
 x - a wand of iceblast (7)
 y - a wand of acid (7)
Scrolls
 i - 4 scrolls of blinking
 l - 7 scrolls of fog
 m - a scroll of holy word
 n - 5 scrolls of identify
 o - 5 scrolls of remove curse
 p - 2 scrolls of fear
Potions
 d - 10 potions of curing
 e - 10 potions of heal wounds
 f - 6 potions of haste
 g - 7 potions of magic
 h - 3 potions of berserk rage
 q - 2 potions of brilliance
 r - 2 potions of invisibility
 s - 4 potions of resistance
 t - a potion of experience
 u - 5 potions of agility
 v - 5 potions of might
Comestibles
 c - 7 rations


   Skills:
 + Level 7.4 Fighting
 + Level 6.1 Axes
 + Level 6.9 Armour
 + Level 5.2 Dodging


You had 5 spell levels left.
You didn't know any spells.
Your spell library was empty.

Dungeon Overview and Level Annotations

Branches:
Dungeon (1/1)

Altars:
Ashenzari
Cheibriados
Dithmenos
Elyvilon
Fedhas
Gozag
Hepliaklqana
Kikubaaqudgha
Makhleb
Nemelex Xobeh
Okawaru
Qazlal
Ru
Sif Muna
Trog
Uskayaw
Vehumet
Wu Jian
Xom
Yredelemnul
Zin
The Shining One
Beogh
Jiyva
Lugonu

Annotations:
D 1 transporter


Innate Abilities, Weirdness & Mutations

You are resistant to torment.
Your stone body is resilient. (AC +4)
You are immune to poison.
You resist negative energy. (rN+)
You are resistant to electric shocks. (rElec)
You can survive without breathing.
You are immune to petrification.
You are immune to rotting.


Message History

You hit the eye of draining but do no damage.
The slime creature hits you!
* * * LOW HITPOINT WARNING * * *
The golden eye pulsates ominously.
The slime creature hits you but does no damage.
The golden eye blinks!
You're too confused to move!
The slime creature hits you but does no damage.
You bump into the unnaturally hard rock wall.
The golden eye blinks at you.
You easily resist.
The slime creature hits you but does no damage.
The eye of draining gazes at you.
You slash the slime creature!
The slime creature is severely wounded.
You closely miss the eye of draining. The slime creature hits you.
* * * LOW HITPOINT WARNING * * *
The golden eye blinks at the eye of draining.
You easily resist.
The slime creature hits you.
You die...

▓▓▓▓▓▓▓▓▓▓▓▓▓▓▓▓▓▓▓
▓.8©8@▓.8©8.▓.8©8.▓
▓.})GJ▓.|)}.▓.....▓
▓.."GG▓.....▓.).|.▓
▓.....▓.....▓.....▓
▓.....▓.....▓.....▓
▓.....▓.....▓..©..▓
▓..©..▓..©..▓▓▓▓▓▓▓
▓▓▓▓▓▓▓▓▓▓▓▓▓


You could see a slime creature, 2 eyes of draining and a golden eye.

Vanquished Creatures
  A floating eye (D)
  An eye of draining (D)
  2 jellies (D)
  An ooze (D)
5 creatures vanquished.

Notes
Turn   | Place    | Note
-------+----------+-------------------------------------------
     0 | D        | Found the +6 Majin-Bo {vamp, Archmagi MP+6 Int+6}
     0 | D        | Found the +7 great mace "Firestarter" {inner flame, rF++}
     0 | D        | Fang the Gargoyle Berserker began the quest for the Orb.
     0 | D        | Reached XP level 1. HP: 14/14 MP: 1/1
     1 | D        | Found a blossoming altar of Fedhas.
     2 | D        | Found a viscous altar of Jiyva.
     2 | D        | Found a transporter.
     2 | D        | Found a hazy altar of Hepliaklqana.
     2 | D        | Found an ancient bone altar of Kikubaaqudgha.
     2 | D        | Found an opulent altar of Gozag.
     2 | D        | Found a corrupted altar of Lugonu.
     8 | D        | Found a burning altar of Makhleb.
     9 | D        | Found a stormy altar of Qazlal.
     9 | D        | Found a sacrificial altar of Ru.
     9 | D        | Found an iron altar of Okawaru.
     9 | D        | Found a deep blue altar of Sif Muna.
     9 | D        | Found a sparkling altar of Nemelex Xobeh.
     9 | D        | Found a bloodstained altar of Trog.
    18 | D        | Found the +9 heavy crossbow "Sniper" {velocity, Acc+∞ SInv}
    18 | D        | Found the +10 dark maul {crush}
    18 | D        | Found the +15 Maxwell's patent armour {-Cast -Tele rElec
                  | MR+ rCorr}
    18 | D        | Found the +18 shield of the Gong {rElec rN+ MR+ EV-5}
    18 | D        | Found the cursed +14 obsidian axe {chop, +Fly SInv *Curse}
    75 | D        | Entered arena 2.
    75 | D        | Noticed a jelly
    75 | D        | Noticed an eye of draining
    75 | D        | Found a transporter.
    77 | D        | Killed a jelly
    77 | D        | Reached skill level 4 in Fighting
    77 | D        | Reached XP level 2. HP: 20/20 MP: 2/2
    77 | D        | Reached XP level 3. HP: 24/24 MP: 3/3
    79 | D        | Killed an eye of draining
    79 | D        | Reached skill level 6 in Fighting
    79 | D        | Reached skill level 5 in Axes
    79 | D        | Reached skill level 5 in Armour
    79 | D        | Reached XP level 4. HP: 32/32 MP: 0/4
   129 | D        | Entered arena 3.
   129 | D        | Noticed a floating eye
   129 | D        | Found a transporter.
   133 | D        | Killed a floating eye
   133 | D        | Reached ** piety under Trog
   133 | D        | Reached skill level 7 in Fighting
   133 | D        | Reached skill level 5 in Dodging
   133 | D        | Reached XP level 5. HP: 36/38 MP: 5/5
   134 | D        | Reached XP level 6. HP: 42/44 MP: 6/6
   143 | D        | Entered arena 4.
   143 | D        | Noticed a slime creature
   143 | D        | Noticed an eye of draining
   143 | D        | Noticed a golden eye
   143 | D        | Noticed an eye of draining
   143 | D        | Found a transporter.
   160 | D        | HP: 1/44 [slime creature (6)]
   160 | D        | Slain by a slime creature

Skill      XL: |  1  2  3  4  5 |
---------------+----------------+-----
Fighting       | 4 6 7 |  7.4
Axes           | 3 5 6 |  6.1
Armour         | 3 5 6 |  6.9
Dodging        | 2 4 5 |  5.2

Action                   |  1- 3 |  4- 6 || total
-------------------------+-------+-------++-------
Melee: Executioner's axe |     2 |     8 ||    10
Invok: Berserk           |     1 |       ||     1
Armor: Plate armour      |       |    10 ||    10
Dodge: Dodged            |       |     7 ||     7
